Map: Torres Crepusculares

Players

Erik - Winner!

  • Race: Zerg Zerg
  • League: Grandmaster

Jarppi

  • Race: Terran Terran
  • League: Master

Event: Copa America 2016 Season 1

VOD

Have the link to the VOD?

Description

Time

  • Played on: Feb. 16, 2016, 6:11 p.m.
  • Length: 14:48

All games in this series

Show
View Real Time Build Order
Export as new Build Order

Erik Zerg - Winner!

Build Orders: Hatch First, Muta Ling Bane 

Get SALT Encoding   

  12  0:01  Drone  
  13  0:13  Overlord  
  13  0:23  Drone  
  14  0:33  Drone x2  
  16  0:50  Hatchery  
  16  0:53  Drone  
  16  0:55  Drone  
  17  0:58  Drone  
  17  1:03  Extractor  
  17  1:15  Spawning Pool  
  17  1:17  Drone  
  17  1:21  Drone  
  18  1:29  Drone  
  19  1:39  Overlord  
  19  2:02  Queen x2  
  19  2:04  Drone  
  19  2:06  Metabolic Boost  
  19  2:07  Zergling x2  
  25  2:12  Zergling x2  
  25  2:14  Drone x2  
  29  2:22  Drone  
  29  2:23  Drone  
  30  2:35  Overlord  
  30  2:37  Drone  
  30  2:41  Queen  
  30  2:42  Queen  
  36  2:51  Drone  
  36  2:54  Drone  
  36  2:55  Drone  
  38  2:59  Drone  
  39  3:06  Overlord  
  39  3:07  Drone  
  40  3:13  Drone x4  
  44  3:21  Overlord  
  44  3:25  Hatchery  
  43  3:27  Drone  
  43  3:28  Drone  
  45  3:34  Drone  
  45  3:35  Drone x2  
  48  3:48  Lair  
  48  3:51  Extractor  
  48  3:52  Drone x3, Extractor  
  48  3:53  Drone x4  
  53  3:56  Extractor  
  53  3:59  Queen  
  53  4:01  Overlord  
  54  4:07  Overlord  
  54  4:10  Evolution Chamber  
  54  4:11  Drone  
  54  4:12  Evolution Chamber  
  51  4:19  Drone x4  
  55  4:29  Roach Warren  
  55  4:30  Drone  
  55  4:31  Zergling x4  
  57  4:34  Overlord  
  57  4:41  Queen  
  57  4:44  Drone  
  57  4:45  Drone x3  
  63  4:49  Overlord  
  63  4:55  Zergling x2  
  63  4:56  Zergling x8  
  68  5:03  Spire  
  67  5:07  Zergling x2  
  67  5:08  Zergling x4  
  67  5:09  Zergling x2  
  71  5:14  Zergling x6  
  71  5:15  Zergling x2  
  71  5:20  Drone  
  76  5:22  Drone  
  76  5:27  Zerg Ground Armor Level 1  
  76  5:28  Zerg Melee Weapons Level 1  
  77  5:29  Drone x2  
  77  5:33  Drone  
  77  5:34  Drone x2  
  82  5:37  Drone x2  
  82  5:39  Drone x2, Extractor  
  82  5:42  Extractor  
  83  5:48  Overlord  
  83  5:49  Drone x3  
  86  5:55  Overlord  
  86  6:02  Baneling Nest, Drone  
  86  6:04  Overlord  
  85  6:17  Mutalisk  
  85  6:18  Mutalisk x4  
  87  6:20  Mutalisk  
  87  6:24  Hatchery  
  96  6:29  Drone x3  
  96  6:31  Drone x3  
  96  6:32  Drone  
  103  6:34  Zerg Flyer Weapons Level 1  
  103  6:39  Mutalisk  
  103  6:40  Mutalisk x2  
  109  6:48  Pneumatized Carapace  
  109  6:52  Centrifical Hooks  
  109  6:54  Mutalisk x2  
  109  7:00  Overlord  
  113  7:03  Hatchery  
  113  7:04  Overlord  
  113  7:05  Overlord  
  112  7:09  Overlord  
  112  7:18  Mutalisk  
  112  7:19  Mutalisk x3  
  120  7:23  Zergling x2  
  120  7:24  Zergling x12  
  126  7:31  Mutalisk x2  
  126  7:36  Zergling x8  
  126  7:37  Zergling x8  
  138  7:46  Zerg Ground Armor Level 2  
  138  7:49  Zergling x2  
  138  7:50  Zergling x12  
  145  7:53  Zerg Melee Weapons Level 2  
  145  7:58  Drone x3  
  148  8:09  Baneling x2  
  148  8:10  Baneling x4  
  146  8:15  Zergling x2  
  146  8:16  Zergling x24  
  157  8:21  Drone  
  158  8:27  Overlord x2  
  142  8:34  Zergling x2  
  142  8:35  Zergling x8  
  135  8:49  Drone x4, Infestation Pit  
  135  8:50  Drone x2  
  135  8:52  Spore Crawler  
  135  8:54  Extractor  
  135  8:55  Extractor  
  137  8:56  Zergling x8  
  137  8:58  Baneling x4  
  137  8:59  Baneling x6  
  141  9:05  Drone  
  141  9:07  Zergling x2  
  141  9:08  Zergling x6  
  141  9:09  Baneling  
  146  9:10  Baneling x16  
  146  9:21  Baneling  
  146  9:22  Baneling x3  
  146  9:24  Zergling x32  
  145  9:50  Zergling x2  
  145  9:51  Zergling x20  
  153  9:59  Hive  
  148  10:01  Zergling x8  
  144  10:29  Hatchery  
  144  10:33  Hatchery  
  144  10:35  Queen  
  144  10:36  Overlord  
  144  10:59  Burrow  
  144  11:01  Overlord  
  144  11:26  Adrenal Glands  
  144  11:27  Zerg Flyer Armor Level 1  
  144  11:29  Zerg Ground Armor Level 3, Ultralisk Cavern, Zerg Melee Weapons Level 3  
  144  11:31  Pathogen Glands  
  141  11:46  Overlord  
  141  11:58  Baneling  
  141  11:59  Baneling x13  
  139  12:16  Ultralisk x10  
  196  12:23  Chitinous Plating  
  193  12:30  Zergling x2  
  193  12:31  Zergling x12  
  193  12:32  Zergling x2  
  197  12:38  Extractor  
  197  12:39  Extractor  
  193  13:00  Ultralisk  
  198  14:09  Ultralisk  
  196  14:27  Zergling x2  
  196  14:28  Zergling x12  
Show
View Real Time Build Order
Export as new Build Order

Jarppi Terran 

Build Orders: Reaper Expand, Bio Tank 

Get SALT Encoding   

  12  0:01  SCV  
  13  0:13  SCV  
  14  0:18  Supply Depot  
  14  0:25  SCV  
  15  0:40  SCV  
  15  0:41  Barracks  
  16  0:46  Refinery  
  16  0:52  SCV  
  17  1:04  SCV  
  18  1:16  SCV  
  19  1:28  Orbital Command  
  19  1:29  Reaper  
  20  1:41  Command Center  
  20  1:53  Supply Depot  
  20  1:54  SCV  
  21  2:01  Marine  
  21  2:06  SCV  
  23  2:11  Factory  
  23  2:18  SCV  
  24  2:25  Barracks Reactor  
  24  2:30  SCV  
  25  2:43  Command Center  
  25  2:45  SCV  
  25  2:54  Orbital Command  
  25  2:56  Refinery  
  25  3:01  SCV  
  25  3:03  Factory Tech Lab, Marine x2  
  28  3:12  Starport  
  28  3:18  SCV  
  29  3:21  Marine x2  
  29  3:22  SCV  
  32  3:30  SCV  
  33  3:34  SCV  
  33  3:39  Siege Tank, Marine x2  
  39  3:42  SCV  
  39  3:45  Refinery  
  40  3:49  SCV  
  40  3:55  SCV  
  42  3:56  Orbital Command  
  42  3:57  Marine x2  
  42  4:00  Medivac  
  46  4:04  SCV  
  46  4:08  SCV  
  48  4:16  SCV  
  49  4:19  Supply Depot, Marine x2  
  49  4:20  Siege Tank  
  49  4:22  SCV x2  
  56  4:28  SCV  
  56  4:30  Liberator  
  57  4:34  SCV  
  58  4:39  Marine x2  
  58  4:41  Barracks  
  58  4:42  SCV x2, Barracks  
  62  4:51  SCV  
  66  4:53  Refinery  
  66  4:59  Engineering Bay  
  66  5:01  Engineering Bay  
  66  5:02  Marine x2  
  66  5:06  Supply Depot  
  68  5:07  Supply Depot  
  68  5:09  SCV  
  69  5:22  Marine x2  
  69  5:23  SCV, Orbital Command  
  69  5:26  Barracks  
  69  5:27  Barracks  
  69  5:28  Siege Tank  
  75  5:31  SCV  
  75  5:35  SCV, Starport Reactor  
  77  5:38  Barracks Tech Lab x2  
  77  5:43  SCV  
  77  5:47  SCV  
  79  5:54  Terran Infantry Weapons Level 1  
  79  5:55  SCV, Terran Infantry Armor Level 1, Marine x2  
  82  5:58  Stimpack  
  82  6:01  SCV  
  83  6:04  SCV  
  84  6:12  Marine  
  84  6:13  Marine  
  84  6:15  Supply Depot  
  84  6:16  Barracks Reactor x2  
  84  6:18  Supply Depot  
  86  6:19  Missile Turret  
  86  6:21  SCV x2  
  86  6:22  Marine x2  
  90  6:30  Supply Depot, SCV, Marine x2  
  93  6:37  SCV, Medivac x2  
  98  6:40  Missile Turret, Marine x2  
  98  6:42  SCV x2  
  98  6:44  Siege Tank  
  105  6:48  Marine x2  
  105  6:49  Supply Depot  
  107  6:54  Armory  
  107  6:55  Supply Depot  
  107  6:56  Supply Depot, Missile Turret  
  107  6:57  Marine x2  
  107  6:58  Marine x2  
  107  7:00  SCV x2  
  107  7:01  SCV  
  114  7:06  Medivac  
  116  7:10  Medivac  
  118  7:16  Marine  
  118  7:17  Marine x7  
  118  7:18  Siege Tank  
  118  7:20  SCV x2  
  118  7:21  SCV  
  132  7:29  Missile Turret  
  129  7:31  Missile Turret  
  129  7:35  Factory  
  129  7:37  Command Center  
  129  7:39  SCV x3  
  132  7:45  Marine x3  
  132  7:46  Marine x4  
  132  7:49  Marine  
  139  7:56  Siege Tank  
  141  8:02  Supply Depot  
  141  8:03  Supply Depot  
  141  8:08  Supply Depot  
  141  8:09  Terran Infantry Weapons Level 2, Terran Infantry Armor Level 2  
  141  8:10  Supply Depot  
  141  8:13  Marine  
  141  8:24  SCV x3, Marine x7  
  151  8:31  Marine  
  133  8:36  SCV x3  
  133  8:39  Medivac  
  133  8:40  Factory Tech Lab  
  133  8:41  Marine x5  
  133  8:42  Marine  
  133  8:44  Refinery  
  133  8:45  Refinery  
  128  8:48  SCV  
  128  8:53  Marine x2  
  128  8:56  Siege Tank  
  128  8:59  Marine x3  
  128  9:01  Siege Tank  
  128  9:02  Marine x3  
  140  9:03  Barracks  
  137  9:11  Marine x2  
  137  9:13  SCV x3  
  139  9:17  Marine x3  
  139  9:20  Marine x3  
  145  9:25  Combat Shields  
  145  9:28  Starport Reactor, Marine  
  145  9:29  Marine  
  147  9:33  Thor  
  147  9:35  Siege Tank, Marine x3  
  147  9:37  Marine  
  147  9:38  Marine  
  147  9:44  Marine  
  133  9:46  Planetary Fortress, Marine x2  
  133  9:52  SCV x2  
  129  9:53  SCV, Marine x3  
  129  9:55  Marine x2  
  128  10:04  SCV  
  125  10:10  Marine x3  
  125  10:11  Marine  
  125  10:12  SCV x2  
  118  10:15  Siege Tank  
  118  10:19  SCV  
  122  10:23  Marine  
  122  10:24  SCV  
  124  10:29  Siege Tank  
  124  10:30  SCV  
  124  10:32  Marine  
  124  10:33  Marine x6  
  124  10:35  Medivac x2  
  139  10:44  SCV x3  
  139  10:46  SCV  
  139  10:48  Marine x2  
  145  10:50  Marine x2  
  145  10:51  Marine x2  
  145  10:56  Siege Tank, SCV  
  153  10:58  SCV  
  153  11:01  Missile Turret, Siege Tank  
  157  11:06  Ghost Academy  
  157  11:14  Missile Turret  
  157  11:19  Terran Infantry Weapons Level 3, Terran Infantry Armor Level 3  
  157  11:21  SCV x2  
  157  11:25  SCV  
  160  11:32  Marine x5  
  164  11:51  Marine  
  164  11:52  Barracks Tech Lab, Marine x3  
  164  11:53  Ghost x2, Barracks Tech Lab  
  170  11:55  Thor  
  170  11:58  SCV x2  
  170  12:00  Missile Turret  
  180  12:01  Supply Depot  
  176  12:09  Marine x3  
  176  12:10  Marine  
  176  12:14  Marine x2  
  166  12:22  Marine x2  
  145  12:46  Command Center  
  142  13:22  Supply Depot  
  142  13:23  Supply Depot x3  
  142  13:25  Supply Depot  
  141  13:55  Supply Depot x2  
  141  13:58  Thor  
Tags
 
Add a new tag
Caveats
  • Supply blocks, unpowered buildings, or Contaminate may cause inaccurate times.
  • Supply counts are checked every 10 seconds.